 Dungeon Crawl Stone Soup version 0.16-a0-3192-g4847bf6 (webtiles) character file.

45 RobertPalmer the Charlatan (level 3, 0/23 HPs)
             Began as an Octopode Artificer on Dec 17, 2014.
             Slain by a bat (1 damage)
             ... on level 2 of the Dungeon.
             The game lasted 00:02:26 (1494 turns).

RobertPalmer the Charlatan (Octopode Artificer)     Turns: 1494, Time: 00:02:26

Health: 0/23       AC:  1    Str: 10    XL:     3   Next: 64%
Magic:  5/5        EV: 12    Int: 14    God:
Gold:   32         SH:  0    Dex: 13    Spells: 0 memorised, 2 levels left

rFire  . . .     SeeInvis .     a - +0 dagger (venom)
rCold  . . .     Clarity  .     (no shield)
rNeg   . . .     SustAb   .     (helmet restricted)
rPois  .         Gourm    .     (no amulet)
rElec  .         Spirit   .     (no ring)
rCorr  .         Warding  .     (no ring)
rMut   .         Stasis   .     (no ring)
MR     .....                    (no ring)
Stlth  +++.......               (no ring)
                                (no ring)
                                (no ring)
                                (no ring)

@: lethally poisoned, very slightly contaminated, invisible, not resistant to
hostile enchantments, fairly stealthy
A: almost no armour, amphibious, 8 rings, constrict 8, camouflage 1, gelatinous
body 1
a: no special abilities


You were on level 2 of the Dungeon.
You were hungry.

You visited 1 branch of the dungeon, and saw 2 of its levels.

You collected 32 gold pieces.


Innate Abilities, Weirdness & Mutations

You cannot wear most types of armour.
You are amphibious.
You can wear up to eight rings at the same time.
You can use your tentacles to constrict many enemies at once.
Your skin changes colour to match your surroundings (Stealth).
Your rubbery body absorbs attacks (AC +1).


   Skills:
 - Level 1.0 Fighting
 - Level 1.0 Short Blades
 - Level 2.0 Dodging
 - Level 1.3 Stealth
 + Level 5.2 Evocations


You had 2 spell levels left.
You didn't know any spells.

Inventory:

Hand weapons
 a - a +0 dagger of venom (weapon)
Jewellery
 h - an uncursed ring of protection from fire {unknown}
Magical devices
 b - a wand of flame (13)
 c - a wand of enslavement (15)
 d - a wand of random effects (15)
Scrolls
 j - a scroll of teleportation {unknown}
 m - a scroll of identify {unknown}
Comestibles
 f - 2 bread rations
 i - 3 fruits
 k - a beef jerky

Dungeon Overview and Level Annotations

Branches:
Dungeon (2/15)

Altars:

#..# #.# #.# .
#..#######.# #.# .###
............ ... ...
#..###..##.# #.# ..# #..#
#..##?###.##..# ...#
#..##.........###.#
#..###..##..##.##......
##l................###.##
................xb..r....
##..##.......#.##.!..#.#.
#...#.###.#.#..........
#.#.................#.#
##.#.#.###.........#.# #
.............###.......
...........#.# ...#..
##.#....##.#.# .....
......................


You could see a quokka (sleeping) and a bat.


Message History

You feel sick.
You are very lightly contaminated with residual magic.
* * * LOW HITPOINT WARNING * * *
You feel sick.
You see here a bat corpse.
* * * LOW HITPOINT WARNING * * *
You feel sick.
* * * LOW HITPOINT WARNING * * *
You feel sick.
Found a mace.
* * * LOW HITPOINT WARNING * * *
You feel sick.
* * * LOW HITPOINT WARNING * * *
You feel sick.
* * * LOW HITPOINT WARNING * * *
You feel sick. The giant newt misses you.
* * * LOW HITPOINT WARNING * * *
You feel sick.
* * * LOW HITPOINT WARNING * * *
You feel sick.
* * * LOW HITPOINT WARNING * * *
You feel sick.
Found a scroll labeled OBAKLU ROODE.
Found a potion of curing.
A quokka comes into view.
A bat comes into view.
* * * LOW HITPOINT WARNING * * *
You feel sick. The bat hits you.
You die...

Action                   || total
-------------------------++-------
Melee: Short sword       ||    16
       Dagger            ||    23
Evoke: Wand              ||     2
  Use: Potion            ||     8
       Scroll            ||     1
 Stab: Sleeping          ||     3
  Eat: Chunk             ||     1

Vault maps used:
D:1:      dpeg_arrival_stonehenge_8_columns
D:2:      uniq_jessica

Notes
Turn   | Place    | Note
--------------------------------------------------------------
     0 | D:1      | RobertPalmer, the Octopode Artificer, began the quest for the Orb.
     0 | D:1      | Reached XP level 1. HP: 13/13 MP: 1/1
   127 | D:1      | Reached skill level 4 in Evocations
   127 | D:1      | Reached XP level 2. HP: 13/18 MP: 3/3
   891 | D:1      | Gained mutation: Potions and wands are less effective at restoring your health. [potion of mutation]
   891 | D:1      | Gained mutation: You can spit poison. [potion of mutation]
   892 | D:1      | Identified a potion of resistance
   894 | D:1      | Lost mutation: Potions and wands are less effective at restoring your health. [potion of cure mutation]
   894 | D:1      | Lost mutation: You can spit poison. [potion of cure mutation]
  1003 | D:2      | Reached XP level 3. HP: 10/23 MP: 5/5
  1184 | D:2      | Reached skill level 5 in Evocations
  1484 | D:2      | HP: 2/23 [poisoned by an adder]
  1491 | D:2      | HP: 1/23 [poisoned by an adder]
  1494 | D:2      | Slain by a bat

Vanquished Creatures
  2 adders (D:2)
  A giant mite (D:1)
  A worm (D:2)
  2 giant cockroaches
  2 hobgoblins (D:1)
  4 kobolds
  3 bats (D:2)
  A giant newt (D:1)
  2 goblins
  A rat (D:1)
19 creatures vanquished.
